| TOP OF THE 1ST |
|
Chicago White Sox batting - Pitching for Minnesota Twins : LHP Steve Trout
|
|
Pitching: LHP Steve Trout
|
|
|
Batting: RHB Steve Henderson
|
0-0: Foul Ball, location: 2F 0-1: Ball 1-1: Foul Ball, location: 2F 1-2: Ball 2-2: Strikes out looking
|
|
Batting: SHB Ozzie Smith
|
0-0: Called Strike 0-1: Fly out, F9 (Flyball, 9, EV 72.5 MPH)
|
|
Batting: RHB Mike Heath
|
0-0: Called Strike 0-1: Ball 1-1: Foul Ball, location: 2F 1-2: Ball 2-2: Ground out 4-3 (Groundball, 4, EV 81.3 MPH)
|
| Top of the 1st over - 0 runs, 0 hits, 0 errors, 0 left on base; Chicago 0 - Minnesota 0 |
| BOTTOM OF THE 1ST |
|
Minnesota Twins batting - Pitching for Chicago White Sox : RHP Ray Corbin
|
|
Pitching: RHP Ray Corbin
|
|
|
Batting: RHB Lee Lacy
|
0-0: Ground out 6-3 (Groundball, 6, EV 88.8 MPH)
|
|
Batting: RHB Steve Brye
|
0-0: Called Strike 0-1: Ball 1-1: Ball 2-1: Ground out 5-3 (Groundball, 56S, EV 82.5 MPH)
|
|
Batting: RHB Randy Edwards
|
0-0: Foul Ball, location: 2F 0-1: Ball 1-1: Ground out 4-3 (Groundball, 4, EV 99.4 MPH)
|
| Bottom of the 1st over - 0 runs, 0 hits, 0 errors, 0 left on base; Chicago 0 - Minnesota 0 |
| TOP OF THE 2ND |
|
Chicago White Sox batting - Pitching for Minnesota Twins : LHP Steve Trout
|
|
Batting: LHB Mitchell Page
|
0-0: Called Strike 0-1: Called Strike 0-2: Ball 1-2: Foul Ball, location: 2F 1-2: Foul Ball, location: 2F 1-2: Fly out, F8 (Flyball, 8RS, EV 90.6 MPH)
|
|
Batting: RHB Tim Teufel
|
0-0: Called Strike 0-1: Called Strike 0-2: Foul Ball, location: 2F 0-2: Ball 1-2: Ball 2-2: Ground out 6-3 (Groundball, 4MD, EV 108.1 MPH)
|
|
Batting: RHB Brian Harper
|
0-0: Ball 1-0: Ground out 5-3 (Groundball, 56, EV 86.9 MPH)
|
| Top of the 2nd over - 0 runs, 0 hits, 0 errors, 0 left on base; Chicago 0 - Minnesota 0 |
| BOTTOM OF THE 2ND |
|
Minnesota Twins batting - Pitching for Chicago White Sox : RHP Ray Corbin
|
|
Batting: RHB Chet Lemon
|
0-0: Foul Ball, location: 2F 0-1: Ball 1-1: Swinging Strike 1-2: Foul Ball, location: 3F, Error on foul ball, E3 1-2: Fly out, F8 (Line Drive, 8RD, EV 93.8 MPH)
|
|
Batting: RHB Brook Jacoby
|
0-0: Called Strike 0-1: Ball 1-1: Ball 2-1: Ball 3-1: SINGLE (Line Drive, 56, EV 98.1 MPH)
|
|
Batting: RHB George Foster
|
0-0: Ball 1-0: Ball 2-0: Fly out, F4 (Line Drive, 4, EV 63.8 MPH)
|
|
Batting: RHB Tom Brown
|
0-0: Ball 1-0: Ball 2-0: Foul Ball, location: 2F 2-1: Ball 3-1: Base on Balls Brook Jacoby to second
|
|
Batting: LHB Eloy Escobedo
|
0-0: SINGLE (Line Drive, 78S, EV 92.5 MPH) Brook Jacoby to third Tom Brown to second Runner from 3rd tries for Home, throw by CF and OUT! 8-2
|
| Bottom of the 2nd over - 0 runs, 2 hits, 1 error, 2 left on base; Chicago 0 - Minnesota 0 |
| TOP OF THE 3RD |
|
Chicago White Sox batting - Pitching for Minnesota Twins : LHP Steve Trout
|
|
Batting: SHB Dwayne Taggart
|
0-0: Called Strike 0-1: Called Strike 0-2: Ball 1-2: Foul Ball, location: 2F 1-2: Strikes out swinging
|
|
Batting: RHB Kevin McReynolds
|
0-0: Called Strike 0-1: Swinging Strike 0-2: Foul Ball, location: 2F 0-2: Ground out 6-3 (Groundball, 6D, EV 107.5 MPH)
|
|
Batting: LHB Ryan MacFarland
|
0-0: Ball 1-0: Called Strike 1-1: Foul Ball, location: 2F 1-2: Ball 2-2: Strikes out swinging
|
| Top of the 3rd over - 0 runs, 0 hits, 0 errors, 0 left on base; Chicago 0 - Minnesota 0 |
| BOTTOM OF THE 3RD |
|
Minnesota Twins batting - Pitching for Chicago White Sox : RHP Ray Corbin
|
|
Batting: LHB Ken Oberkfell
|
0-0: Ball 1-0: Foul Ball, location: 2F 1-1: SINGLE (Groundball, 34D, EV 106.3 MPH)
|
|
Batting: RHB Lee Lacy
|
0-0: Ball 1-0: SINGLE (Line Drive, 8LS, EV 108.1 MPH) Ken Oberkfell to second Ken Oberkfell to third
|
|
Batting: RHB Steve Brye
|
0-0: Ball 1-0: Ball 2-0: Foul Ball, location: 2F 2-1: Fly out, F9 (Flyball, 9S, EV 87.5 MPH)
|
|
Batting: RHB Randy Edwards
|
0-0: Ball 1-0: Swinging Strike 1-1: Ground out 3-1 (Groundball, 3S, EV 65.0 MPH) Ken Oberkfell scores Lee Lacy to second
|
|
Batting: RHB Chet Lemon
|
0-0: Ball 1-0: Ball 2-0: Swinging Strike 2-1: Ball 3-1: Base on Balls
|
|
Batting: RHB Brook Jacoby
|
0-0: Foul Ball, location: 2F 0-1: Foul Ball, location: 2F 0-2: Ball Wild Pitch! Lee Lacy to third Chet Lemon to second 1-2: Ball 2-2: Strikes out swinging
|
| Bottom of the 3rd over - 1 run, 2 hits, 0 errors, 2 left on base; Chicago 0 - Minnesota 1 |
| TOP OF THE 4TH |
|
Chicago White Sox batting - Pitching for Minnesota Twins : LHP Steve Trout
|
|
Batting: RHB Steve Henderson
|
0-0: Called Strike 0-1: Ball 1-1: Ball 2-1: Ball 3-1: Ground out 5-3 (Groundball, 5S, EV 82.5 MPH)
|
|
Batting: SHB Ozzie Smith
|
0-0: Ball 1-0: Foul Ball, location: 2F 1-1: Foul Ball, location: 2F 1-2: Ground out 6-3 (Groundball, 6D, EV 103.8 MPH)
|
|
Batting: RHB Mike Heath
|
0-0: Called Strike 0-1: Reached on error, E4 (Groundball, 4, EV 88.1 MPH)
|
|
Batting: LHB Mitchell Page
|
0-0: Foul Ball, location: 2F 0-1: Ball 1-1: Foul Ball, location: 2F 1-2: Ball 2-2: Ball 3-2: Fly out, F7 (Line Drive, 7D, EV 91.3 MPH)
|
| Top of the 4th over - 0 runs, 0 hits, 1 error, 1 left on base; Chicago 0 - Minnesota 1 |
| BOTTOM OF THE 4TH |
|
Minnesota Twins batting - Pitching for Chicago White Sox : RHP Ray Corbin
|
|
Batting: RHB George Foster
|
0-0: Called Strike 0-1: Called Strike 0-2: SINGLE (Groundball, 6MD, EV 106.9 MPH)
|
|
Batting: RHB Tom Brown
|
0-0: Ball 1-0: Ground out 4-3 (Groundball, 4, EV 92.5 MPH) George Foster to second
|
|
Batting: LHB Eloy Escobedo
|
0-0: Foul Ball, location: 2F 0-1: Ball 1-1: Ball 2-1: Ball 3-1: Called Strike 3-2: Fly out, F5 (Flyball, 5D, EV 88.1 MPH)
|
|
Batting: LHB Ken Oberkfell
|
0-0: Ball 1-0: Ground out 1-3 (Groundball, 13S, EV 67.5 MPH)
|
| Bottom of the 4th over - 0 runs, 1 hit, 0 errors, 1 left on base; Chicago 0 - Minnesota 1 |
| TOP OF THE 5TH |
|
Chicago White Sox batting - Pitching for Minnesota Twins : LHP Steve Trout
|
|
Batting: RHB Tim Teufel
|
0-0: Called Strike 0-1: Ground out 1-3 (Groundball, 13S, EV 63.8 MPH)
|
|
Batting: RHB Brian Harper
|
0-0: Called Strike 0-1: Called Strike 0-2: Ground out 5-3 (Groundball, 56, EV 79.4 MPH)
|
|
Batting: SHB Dwayne Taggart
|
0-0: Ball 1-0: Called Strike 1-1: Ground out 1-3 (Groundball, 15S, EV 57.5 MPH)
|
| Top of the 5th over - 0 runs, 0 hits, 0 errors, 0 left on base; Chicago 0 - Minnesota 1 |
| BOTTOM OF THE 5TH |
|
Minnesota Twins batting - Pitching for Chicago White Sox : RHP Ray Corbin
|
|
Batting: RHB Lee Lacy
|
0-0: Called Strike 0-1: Ball 1-1: Ground out 1-3 (Groundball, P, EV 68.1 MPH)
|
|
Batting: RHB Steve Brye
|
0-0: Ball 1-0: Ball 2-0: Ball 3-0: Called Strike 3-1: Foul Ball, location: 2F 3-2: Foul Ball, location: 2F 3-2: Base on Balls
|
|
Batting: RHB Randy Edwards
|
0-0: Foul Ball, location: 2F 0-1: Fly out, F8 (Flyball, 8LM, EV 90.6 MPH)
|
|
Batting: RHB Chet Lemon
|
0-0: Ball 1-0: Swinging Strike 1-1: Fly out, F8 (Flyball, 8RM, EV 83.8 MPH)
|
| Bottom of the 5th over - 0 runs, 0 hits, 0 errors, 1 left on base; Chicago 0 - Minnesota 1 |
| TOP OF THE 6TH |
|
Chicago White Sox batting - Pitching for Minnesota Twins : LHP Steve Trout
|
|
Batting: RHB Kevin McReynolds
|
0-0: Foul Ball, location: 2F 0-1: Ball 1-1: Fly out, F7 (Flyball, 78XD, EV 88.1 MPH)
|
|
Batting: LHB Ryan MacFarland
|
0-0: Swinging Strike 0-1: Swinging Strike 0-2: Ground out 4-3 (Groundball, 34D, EV 98.8 MPH)
|
|
Batting: RHB Steve Henderson
|
0-0: SINGLE (Groundball, 4MD, EV 97.5 MPH)
|
|
Batting: SHB Ozzie Smith
|
0-0: Ball 1-0: Ball 2-0: Foul Ball, location: 2F 2-1: Foul Ball, location: 2F 2-2: Ball 3-2: Foul Ball, location: 2F 3-2: Fly out, F4 (Popup, 34D, EV 53.1 MPH)
|
| Top of the 6th over - 0 runs, 1 hit, 0 errors, 1 left on base; Chicago 0 - Minnesota 1 |
| BOTTOM OF THE 6TH |
|
Minnesota Twins batting - Pitching for Chicago White Sox : RHP Ray Corbin
|
|
Batting: RHB Brook Jacoby
|
0-0: Ball 1-0: Called Strike 1-1: Ball 2-1: Swinging Strike 2-2: Ball 3-2: Base on Balls
|
|
Batting: RHB George Foster
|
0-0: Ball 1-0: Called Strike 1-1: Called Strike 1-2: Ball 2-2: Fly out, F3 (Popup, 23F, EV 88.8 MPH)
|
|
Batting: RHB Tom Brown
|
0-0: Called Strike 0-1: SINGLE (Line Drive, 9LS, EV 106.9 MPH) Brook Jacoby to second Brook Jacoby to third
|
|
Batting: LHB Eloy Escobedo
|
0-0: Hit by Pitch Tom Brown to second
|
|
Batting: LHB Ken Oberkfell
|
0-0: Ball 1-0: Swinging Strike 1-1: SINGLE (Groundball, 56D, EV 98.8 MPH) Brook Jacoby scores Tom Brown to third Eloy Escobedo to second Runner from 3rd tries for Home, throw by LF and OUT! 7-2
|
|
Batting: RHB Lee Lacy
|
0-0: Ball 1-0: SINGLE (Groundball, 56D, EV 97.5 MPH) Eloy Escobedo to third Ken Oberkfell to second Runner from 3rd tries for Home, SAFE, throw by LF to home
|
|
Batting: RHB Steve Brye
|
0-0: Ball 1-0: Ball 2-0: Called Strike 2-1: Ball 3-1: Base on Balls Ken Oberkfell to third Lee Lacy to second
|
|
Batting: RHB Randy Edwards
|
0-0: Ball 1-0: DOUBLE (Line Drive, 9LS, EV 109.4 MPH) Ken Oberkfell scores Lee Lacy scores Steve Brye to third Runner from 3rd tries for Home, SAFE, throw by RF to trailing runner, OUT at third! 9-3-5
|
| Bottom of the 6th over - 5 runs, 4 hits, 0 errors, 0 left on base; Chicago 0 - Minnesota 6 |
| TOP OF THE 7TH |
|
Chicago White Sox batting - Pitching for Minnesota Twins : LHP Steve Trout
|
|
Batting: RHB Mike Heath
|
0-0: Swinging Strike 0-1: Ball 1-1: Ball 2-1: Ground out 6-3 (Groundball, 6, EV 78.1 MPH)
|
|
Batting: LHB Mitchell Page
|
0-0: Ball 1-0: Called Strike 1-1: Ball 2-1: Ball 3-1: Base on Balls
|
|
Batting: RHB Tim Teufel
|
0-0: Ball 1-0: SINGLE (Line Drive, 7S, EV 94.4 MPH) Mitchell Page to second
|
|
Batting: RHB Brian Harper
|
0-0: DOUBLE (Flyball, 7LD, EV 93.8 MPH) Mitchell Page scores Tim Teufel to third Runner from 3rd tries for Home, SAFE, no throw by LF
|
|
Batting: SHB Dwayne Taggart
|
0-0: Called Strike 0-1: Ball 1-1: Foul Ball, location: 2F 1-2: Ball 2-2: Ground out 6-3 (Groundball, 6, EV 90.0 MPH)
|
|
Batting: RHB Kevin McReynolds
|
0-0: SINGLE (Flyball, 34D, EV 86.3 MPH) Brian Harper to third Runner from 3rd tries for Home, SAFE, throw by RF to home
|
|
Batting: LHB Ryan MacFarland
|
0-0: Swinging Strike 0-1: DOUBLE (Flyball, 8LXD, EV 101.3 MPH) Kevin McReynolds to third Runner from 3rd tries for Home, SAFE, throw by CF to home
|
|
Batting: RHB Steve Henderson
|
0-0: Called Strike 0-1: Foul Ball, location: 2F 0-2: Ball 1-2: Ball 2-2: Fly out, F8 (Flyball, 89S, EV 86.3 MPH)
|
| Top of the 7th over - 4 runs, 4 hits, 0 errors, 1 left on base; Chicago 4 - Minnesota 6 |
| BOTTOM OF THE 7TH |
|
Minnesota Twins batting - Pitching for Chicago White Sox : RHP Ray Corbin
|
|
Pitching: LHP Gary Christophel
|
|
|
Batting: RHB Chet Lemon
|
0-0: Foul Ball, location: 2F 0-1: Ball 1-1: Ball 2-1: Ball 3-1: Foul Ball, location: 2F 3-2: Fly out, F9 (Flyball, 89S, EV 82.5 MPH)
|
|
Batting: RHB Brook Jacoby
|
0-0: Fly out, F7 (Flyball, 7LM, EV 96.9 MPH)
|
|
Batting: RHB George Foster
|
0-0: Ball 1-0: Fly out, F9 (Flyball, 9S, EV 92.5 MPH)
|
| Bottom of the 7th over - 0 runs, 0 hits, 0 errors, 0 left on base; Chicago 4 - Minnesota 6 |
| TOP OF THE 8TH |
|
Chicago White Sox batting - Pitching for Minnesota Twins : LHP Steve Trout
|
|
Pitching: RHP Stephen Fuller
|
|
|
Now at 2B: Taylor Duncan
|
|
|
Batting: SHB Ozzie Smith
|
0-0: Ground out 4-3 (Groundball, 4, EV 101.3 MPH)
|
|
Batting: RHB Mike Heath
|
0-0: Called Strike 0-1: Ball 1-1: Called Strike 1-2: Foul Ball, location: 2F 1-2: Foul Ball, location: 2F 1-2: Reached on error, E3 (Groundball, 3L, EV 96.3 MPH)
|
|
Batting: LHB Mitchell Page
|
0-0: Ball 1-0: Foul Ball, location: 2F 1-1: Swinging Strike 1-2: Ball 2-2: Fly out, F7 (Flyball, 78M, EV 91.3 MPH)
|
|
Batting: RHB Tim Teufel
|
0-0: Called Strike 0-1: Ball 1-1: Ball 2-1: Ball 3-1: Ground out 5-3 (Groundball, 56S, EV 85.0 MPH)
|
| Top of the 8th over - 0 runs, 0 hits, 1 error, 1 left on base; Chicago 4 - Minnesota 6 |
| BOTTOM OF THE 8TH |
|
Minnesota Twins batting - Pitching for Chicago White Sox : LHP Gary Christophel
|
|
Batting: RHB Tom Brown
|
0-0: Called Strike 0-1: Ball 1-1: Ball 2-1: Ball 3-1: Called Strike 3-2: Foul Ball, location: 2F 3-2: Foul Ball, location: 2F 3-2: Foul Ball, location: 2F 3-2: SINGLE (Groundball, 56D, EV 94.4 MPH)
|
|
Batting: LHB Eloy Escobedo
|
0-0: Foul Ball, location: 2F 0-1: Bunt missed! 0-2: Ball 1-2: Ball 2-2: Ball 3-2: SINGLE (Line Drive, 7S, EV 105.6 MPH) Tom Brown to second
|
|
Batting: LHB Ken Oberkfell
|
0-0: Fielders Choice at 2nd, 2-6 (Groundball, 2R, EV 75.0 MPH) Tom Brown to third
|
|
Batting: RHB Lee Lacy
|
0-0: Ground out 5-3 (Groundball, 56S, EV 65.6 MPH) Ken Oberkfell to second
|
|
Batting: RHB Steve Brye
|
0-0: Called Strike 0-1: Swinging Strike 0-2: Ball 1-2: SINGLE (Line Drive, 9LS, EV 105.0 MPH) Tom Brown scores Ken Oberkfell to third Runner from 3rd tries for Home, SAFE, throw by RF to home
|
|
Batting: RHB Randy Edwards
|
0-0: Fly out, F9 (Flyball, 89D, EV 105.6 MPH)
|
| Bottom of the 8th over - 2 runs, 3 hits, 0 errors, 1 left on base; Chicago 4 - Minnesota 8 |
| TOP OF THE 9TH |
|
Chicago White Sox batting - Pitching for Minnesota Twins : RHP Stephen Fuller
|
|
Batting: RHB Brian Harper
|
0-0: Called Strike 0-1: Called Strike 0-2: DOUBLE (Flyball, 8LXD, EV 106.9 MPH)
|
|
Batting: SHB Dwayne Taggart
|
0-0: Ball 1-0: Ball 2-0: Called Strike 2-1: Called Strike 2-2: Foul Ball, location: 2F 2-2: Ball 3-2: Strikes out swinging
|
|
Batting: RHB Kevin McReynolds
|
0-0: Ball 1-0: Foul Ball, location: 2F 1-1: Called Strike 1-2: Strikes out swinging
|
|
Batting: LHB Ryan MacFarland
|
0-0: Swinging Strike 0-1: Swinging Strike 0-2: Ball 1-2: Strikes out looking
|
| Top of the 9th over - 0 runs, 1 hit, 0 errors, 1 left on base; Chicago 4 - Minnesota 8 |
|